Cogmind - Beta 14 @@@ ROGUE MODE // 2024.10.06 @ 19:05:03 Player: N.W.L Result: Destroyed by Autobeam Turret with Autobeam Performance ------------- Evolutions (0) 0 Regions Visited (2) 400 Robots Destroyed (37) 185 Value Destroyed (674) 674 Prototype IDs (2) 40 Alien Tech Used (0) 0 Bonus (22) 22 TOTAL SCORE: 1321 Bonus ------- High Alert Combat Kills 22 Cogmind --------- Core Integrity 0/250 Matter 169/300 Energy 100/100 System Corruption 3% Temperature Cool (6) Movement Core (50) Location -10/Subcaves Parts ------- > --- POWER (1) -------- (None) > --- PROPULSION (2) --- (None) > --- UTILITY (2) ------ Seismic Detector > --- WEAPON (2) ------- Makeshift Spear > --- INVENTORY (5) ---- Subdweller Beam Cannon Subdweller Beam Cannon Subdweller Machine Gun Flamer Flamer Peak State ------------ > --- POWER ------------ Ion Engine > --- PROPULSION ------- Light Treads Subdweller Monowheel > --- UTILITY ---------- Scrap Shield > --- WEAPON ----------- Subdweller Machine Gun Makeshift Spear > --- INVENTORY -------- High-capacity Matter Pod Dirty Datajack Flamer Mace [Rating: 15] Favorites ----------- Power Ion Engine Engine Ion Engine Propulsion Light Treads Treads Light Treads Leg Aluminum Leg Wheel Subdweller Monowheel Utility Large Storage Unit Device Seismic Detector Storage Large Storage Unit Protection Scrap Shield Weapon Mace Energy Cannon Beam Cannon Ballistic Gun Subdweller Machine Gun Launcher Grenade Launcher Impact Weapon Mace Piercing Weapon Makeshift Spear Build | -11 -10 -10 ------- Run | Yrd Mat Sub Slots Evolved . | . . . Power . | . . . Propulsion . | . . . Utility . | . . . Weapon . | . . . Parts Attached 48 | . 19 29 Power 1 | . . 1 Engine 1 | . . 1 Core . | . . . Reactor . | . . . Propulsion 5 | . 2 3 Treads 3 | . 2 1 Leg . | . . . Wheel 2 | . . 2 Hover . | . . . Flight . | . . . Utility 11 | . 3 8 Device 4 | . . 4 Storage 1 | . 1 . Processor . | . . . Hackware . | . . . Protection 6 | . 2 4 Artifact . | . . . Weapon 31 | . 14 17 Energy Gun . | . . . Energy Cannon 8 | . 5 3 Ballistic Gun 7 | . 2 5 Ballistic Cannon . | . . . Launcher 8 | . 6 2 Special Weapon . | . . . Impact Weapon 6 | . 1 5 Slashing Weapon . | . . . Piercing Weapon 2 | . . 2 Special Melee Weapon . | . . . Unidentified Prototypes . | . . . Parts Lost 9 | . . 9 Power 1 | . . 1 Propulsion 4 | . . 4 Utility 3 | . . 3 Weapon 1 | . . 1 Highest Loss Streak 4 | . . 4 To Critical Strikes . | . . . Average Slot Usage (%) 89 | . 98 84 Engine 13 | . 14 12 Treads 19 | . 23 17 Leg 1 | . 4 . Wheel 3 | . . 5 Device 5 | . . 8 Storage 9 | . 15 6 Protection 8 | . 11 6 Energy Cannon 6 | . 12 3 Ballistic Gun 9 | . 12 8 Impact Weapon 7 | . 1 11 Piercing Weapon 1 | . . 1 Peak Build Rating 15 | 6 10 15 Average Rating 9 | 6 7 11 On Entrance 7 | 6 6 10 Naked Turns 39 | . . 39 Heaviest Build 35 | 13 35 35 Greatest Support 40 | 20 40 40 Greatest Overweight (x) 1 | . 1 1 Average Overweight (x) . | . . . Largest Inventory Capacity 15 | 8 15 15 Average Capacity 11 | 8 14 9 Most Carried 15 | 6 15 15 Average Carried 9 | 6 9 9 Final Capacity 15 | 8 15 5 Final Carried 15 | 6 15 5 Class Distribution -------------------- 81% | Mutant 18% | Subdweller-Mutant Dominant Class ---------------- Mutant | -10/Materials Mutant | -10/Subcaves Resources | -11 -10 -10 ----------- Run | Yrd Mat Sub Matter Collected 1203 | 200 428 575 Remotely . | . . . Salvage Created 869 | . 566 303 Parts 59 | . 41 18 Haulers Intercepted 2 | . 2 . Recyclers Shooed 3 | . 3 . Parts Field Recycled . | . . . Retrieved Matter . | . . . Parts Self-Destructed 4 | . . 4 Prevented . | . . . Kills | -11 -10 -10 ------- Run | Yrd Mat Sub Combat Hostiles Destroyed 26 | . 14 12 Melee 1 | . . 1 Guns 6 | . 2 4 Cannons 2 | . 1 1 AOE 16 | . 11 5 Classes Destroyed 10 | . 8 2 Worker 2 | . 2 . Builder 2 | . 2 . Tunneler 1 | . 1 . Hauler 2 | . 2 . Recycler 3 | . 3 . Watcher 1 | . 1 . Swarmer 14 | . 9 5 Grunt 6 | . 5 1 Cobbler 1 | . . 1 Subdweller 6 | . . 6 Best Kill Streak 5 | . 5 3 Combat Bots Only 3 | . 3 3 Max Kills in Single Turn 5 | . 5 2 Gunslinging . | . . . Exploded 3 | . 3 2 Melee 1 | . . 1 Uniques/NPCs Destroyed . | . . . Combat | -11 -10 -10 -------- Run | Yrd Mat Sub Hostile Shots Fired 133 | . 44 89 Missed 39 | . 17 22 Damage Taken 1629 | . 253 1376 Core 254 | . 45 209 Absorbed by Shields . | . . . Regen/Repaired (Parts) 76 | . 76 . Core Remaining (%) 100 | 100 . . Volleys Fired 68 | . 32 36 Largest 2 | . 2 2 Hottest 110 | . 80 110 Shots Fired 125 | . 60 65 Gun 59 | . 25 34 Cannon 48 | . 25 23 Launcher 18 | . 10 8 Special . | . . . Kinetic 65 | . 25 40 Thermal 48 | . 25 23 Explosive 12 | . 10 2 Electromagnetic . | . . . Robot Hit Streak 11 | . 7 11 Robot Miss Streak 2 | . 2 2 Penetration Max . | . . . Secondary Targets . | . . . Shots Hit Robots 85 | . 31 54 Core Hits 53 | . 34 19 Critical Kills 1 | . . 1 Critical Parts Destroyed 2 | . . 2 Critical Strikes 4 | . . 4 Smash 4 | . . 4 Melee Attacks 57 | . 20 37 Impact 52 | . 20 32 Slashing . | . . . Piercing 5 | . . 5 Sneak Attacks 2 | . 1 1 Combat Hostiles . | . . . Follow-up Attacks 1 | . . 1 Damage Inflicted 2946 | . 1192 1754 Guns 645 | . 150 495 Cannons 617 | . 336 281 Explosions 1149 | . 624 525 Melee 535 | . 82 453 Ramming . | . . . Kinetic 1030 | . 150 880 Thermal 617 | . 336 281 Explosive 764 | . 624 140 Electromagnetic . | . . . Impact 535 | . 82 453 Slashing . | . . . Piercing . | . . . Highest Corruption 3 | . 3 3 Average Corruption 2 | . 2 3 Corruption Purged . | . . . Corruption Blocked . | . . . Effects 36 | . 10 26 Message Errors 4 | . 2 2 Matter Fused 14 | . 4 10 Heat Flow Errors 5 | . 1 4 Energy Discharges 4 | . 1 3 Data Loss (minor) 2 | . 1 1 Data Loss (major) 3 | . 1 2 Misfires 3 | . . 3 Alerts 1 | . . 1 Overload Shots . | . . . Overflow Damage 276 | . 55 221 Projectiles 25 | . . 25 Explosions 58 | . 3 55 Melee 193 | . 52 141 Knockbacks . | . . . Impact . | . . . Kinetic . | . . . Secondary . | . . . Self-Inflicted Damage 78 | . 19 59 Shots 4 | . 2 2 Rammed . | . . . Targets Rammed . | . . . Kicked . | . . . Crushed . | . . . Highest Temperature 257 | . 226 257 Average Temperature 57 | . 61 45 Received Heat Transfer 297 | . 42 255 Effects 2 | . . 2 Interference 2 | . . 2 Siege Activations . | . . . Robots Corrupted 1 | . . 1 Combat Hostiles 1 | . . 1 Parts Fried 2 | . 1 1 Impact Corruptions 6 | . 3 3 Robots Melted . | . . . Combat Hostiles . | . . . Parts Melted 2 | . 2 . Heat Transferred 1184 | . 703 481 Parts Sabotaged . | . . . Parts Stolen . | . . . Parts Stripped . | . . . Power Chain Reactions . | . . . Alert | -11 -10 -10 ------- Run | Yrd Mat Sub Peak Influence 566 | . 566 . Initial . | . . . Average 336 | . 337 . Maximum Alert Level 2 | . 2 . Low Security (%) 15 | 100 14 . Level 1 41 | . 41 . Level 2 43 | . 43 . Level 3 . | . . . Level 4 . | . . . Level 5 . | . . . High Security . | . . . Max Security . | . . . Squads Dispatched 4 | . 4 . Investigation 3 | . 3 . Extermination . | . . . Reinforcement 1 | . 1 . Assault . | . . . Garrison . | . . . Intercept . | . . . Searches Triggered . | . . . Construction Impeded . | . . . Haulers Reinforced . | . . . Active Scanning Responses . | . . . Cargo Convoy Interrupts . | . . . Stealth | -11 -10 -10 --------- Run | Yrd Mat Sub Distress Signals 1 | . 1 . Communications Jammed . | . . . Distress Signals . | . . . Times Spotted 39 | . 19 20 Peak Tracking Total 5 | . 5 4 Tactical Retreats 4 | . 2 2 Traps | -11 -10 -10 ------- Run | Yrd Mat Sub Traps Triggered 3 | . 3 . Indirectly . | . . . Trap Hack Attempts . | . . . Triggered . | . . . Disarmed . | . . . Reprogrammed . | . . . Reused 1 | . . 1 Traps Extracted . | . . . Installed 1 | . . 1 Triggered . | . . . Machines | -11 -10 -10 ---------- Run | Yrd Mat Sub Machines Disabled 6 | . 2 4 Max in Single Turn 2 | . 1 2 Machines Repaired . | . . . Machines Dismantled . | . . . Machines Sabotaged . | . . . Overloaded Fab Kills . | . . . Hacking | -11 -10 -10 --------- Run | Yrd Mat Sub Machines Accessed 8 | . 7 1 Terminals 4 | . 4 . Fabricators . | . . . Repair Stations 1 | . 1 . Recycling Units 2 | . 2 . Scanalyzers . | . . . Garrison Access . | . . . Total Hacks 17 | . 13 4 Successful 12 | . 8 4 Failed 4 | . 4 . Catastrophic . | . . . Database Lockouts 1 | . 1 . Manual 4 | . 4 . Terminals 7 | . 7 . Fabricators . | . . . Repair Stations 2 | . 2 . Recycling Units 4 | . 4 . Scanalyzers . | . . . Garrison Access . | . . . Terminal Hacks 7 | . 3 4 Record 4 | . . 4 Robot Analysis 1 | . 1 . Prototype ID Bank 1 | . 1 . Locate Traps 1 | . 1 . Fabricator Hacks . | . . . Repair Station Hacks 2 | . 2 . Scan Component 1 | . 1 . Repair 1 | . 1 . Recycling Unit Hacks 1 | . 1 . Retrieve Components 1 | . 1 . Scanalyzer . | . . . Garrison Access Hacks . | . . . Unauthorized Hacks 2 | . 2 . Terminals . | . . . Fabricators . | . . . Repair Stations . | . . . Recycling Units 2 | . 2 . Tunnel 2 | . 2 . Scanalyzers . | . . . Garrison Access . | . . . Data Cores Recovered . | . . . Used . | . . . Hacking Detections 4 | . 4 . Full Trace Events . | . . . Feedback Events . | . . . Feedback Blocked . | . . . Robot Schematics Acquired . | . . . Robots Built . | . . . Authchips . | . . . Time . | . . . Total Robot Build Rating . | . . . Part Schematics Acquired . | . . . Parts Built . | . . . Authchips . | . . . Time . | . . . Total Part Build Rating . | . . . Parts Repaired 1 | . 1 . Time 26 | . 26 . Parts Recycled . | . . . Recycled Matter . | . . . Retrieved Matter . | . . . Retrieved Components 2 | . 2 . Parts Scanalyzed . | . . . Part Schematics Acquired . | . . . Parts Damaged . | . . . Bothacking | -11 -10 -10 ------------ Run | Yrd Mat Sub Used RIF Installer . | . . . Robots Hacked . | . . . Non-combat . | . . . Combat . | . . . Robot Hacks Applied . | . . . Relay Couplers Released . | . . . Fabnet Peak Effective % . | . . . Robots Rewired . | . . . Allies Hacked . | . . . Hacks Repelled . | . . . Allies | -11 -10 -10 -------- Run | Yrd Mat Sub Total Allies . | . . . Largest Group . | . . . Highest-Rated Group . | . . . Highest-Rated Ally . | . . . Total Orders . | . . . Ally Attacks . | . . . Total Damage . | . . . Kills . | . . . Allies Corrupted . | . . . Allies Melted . | . . . Intel | -11 -10 -10 ------- Run | Yrd Mat Sub Robot Analysis Total 1 | . 1 . Derelict Logs Recovered 2 | . . 2 Drone Launches . | . . . Drone Recoveries . | . . . Exploration | -11 -10 -10 ------------- Run | Yrd Mat Sub Turns Passed 2902 | 3 1056 1843 Spaces Moved 1618 | 3 501 1114 Core 142 | . . 142 Treads 849 | . 410 439 Legs 94 | 3 91 . Wheels 533 | . . 533 Hover . | . . . Flight . | . . . Fastest Speed 50 | 120 120 50 Average Speed 138 | 120 159 128 Slowest Speed 240 | 120 190 240 Overloaded Moves . | . . . Propulsion Burnouts . | . . . Robots Hopped . | . . . Cave-ins Triggered . | . . . Exploration Rate (%) 47 | 2 88 52 Regions Visited 2 Branch Regions 1 Pre-discovered Areas 2 | . 2 . Known Exits Taken . | . . . Unknown Exits Taken 2 | 1 1 . Scrap Searched 11 | . . 11 Spaces Dug 58 | . 11 47 Terrain Destroyed 140 | . 46 94 Melee 12 | . 4 8 Projectile 6 | . . 6 AOE 122 | . 42 80 Terrain Rammed . | . . . Walls Destroyed . | . . . Machines Disabled . | . . . Actions | -11 -10 -10 --------- Run | Yrd Mat Sub Total 2056 | 2 658 1396 Wait 215 | . 62 153 Move 1616 | 2 500 1114 Hop . | . . . Pick Up 23 | . 15 8 Fast Attach 13 | . 4 9 Attach 8 | . 2 6 Detach 4 | . 2 2 Swap 27 | . 13 14 Drop 21 | . 8 13 Fire 68 | . 32 36 Melee 56 | . 20 36 Ram . | . . . Kick . | . . . Crush . | . . . Escape Stasis . | . . . Rewire . | . . . Trap 1 | . . 1 Miscellaneous 4 | . . 4 Route ------- -11/Scrapyard -10/Materials (discovered 5 exits: [*Mat x2] / [*Min x2] / *Sub) -10/Subcaves (discovered 3 exits: [*Mat x2] / Rec) History --------- Turn | Location | Event 1 | -11/Scrapyard | Discovered new exit (range 0) 4 | -11/Scrapyard | Entered Materials 65 | -10/Materials | Central database locked down 128 | -10/Materials | Discovered new exit (range 15) 327 | -10/Materials | Build established: Mutant 684 | -10/Materials | Discovered new exit (range 8) 846 | -10/Materials | Repaired Lgt. Armor Plating 861 | -10/Materials | Discovered new exit (range 11) 904 | -10/Materials | Discovered new exit (range 7) 1055 | -10/Materials | Discovered new exit (range 3) 1060 | -10/Materials | Entered Subcaves 1172 | -10/Subcaves | Learned Materials security intel 1800 | -10/Subcaves | Discovered new exit (range 15) 1840 | -10/Subcaves | Disturbed a concealed Subdweller 1847 | -10/Subcaves | Core integrity fell below 50% 2139 | -10/Subcaves | Disturbed a concealed Subdweller 2216 | -10/Subcaves | Visited Clippyterm 2219 | -10/Subcaves | Learned Factory fabricator intel 2219 | -10/Subcaves | Identified exit to Recycling 2308 | -10/Subcaves | Build established: Subdweller-Mutant 2495 | -10/Subcaves | Discovered new exit (range 2) 2558 | -10/Subcaves | Released all parts (4) 2796 | -10/Subcaves | Shifting Twisted Machinery released Flamer 2815 | -10/Subcaves | Shifting Twisted Machinery released Sub. Beam Cannon 2841 | -10/Subcaves | Shifting Twisted Machinery released Riot Gun 2847 | -10/Subcaves | Shifting Twisted Machinery released Sub. Monowheel 2864 | -10/Subcaves | Build established: Mutant 2887 | -10/Subcaves | Core integrity fell below 20% 2903 | -10/Subcaves | Destroyed by Autobeam Turret with Autobeam Last Messages --------------- Sub. Beam Cannon falls loose from the Twisted Machinery. 02820_ System corrupted: Matter fused (-5). 02824_ Dropped Sub. Machine Gun. 02826_ Acquired Sub. Beam Cannon. 02837_ System corrupted: Substantial component data lost. Riot Gun falls loose from the Twisted Machinery. Sub. Monowheel falls loose from the Twisted Machinery. 02865_ System corrupted: Matter fused (-6). 02886_ S-10 Pest springs to life. 02894_ Destroyed Flight Unit. 02896_ Machine disabled. 02900_ Destroyed Flight Unit. 02900_ S-10 Pest destroyed. 02900_ S-10 Pest springs to life. 02901_ Imp. Terrain Scanner destroyed. 02901_ Sub. Monowheel destroyed. 02902_ Destroyed Flight Unit. 02902_ Machine disabled. 02902_ Sub. Shrapnel Launcher destroyed. 02902_ Ion Engine destroyed. Map ----- +----------------------------------------------------+ | ?????????????????????????????????????????????????? | | ???????????????????????????##????????????????????? | | ????????????????????????### #????????????????????? | | ???????????????????????? ##???????????????????? | | ???????????????????????? ???????????????????? | | ???????????????????????? ???????????????????? | | ???????????????????????? ????????????????????? | | ???????????????#???????? ????????????????????? | | ???????????????????????? ????????????????????? | | ???????????????????????? ?????????????????????? | | ???????????? ??????????;; ?????????????????????? | | ????????????????????? ;; ;##???????????????????? | | ???????????# ????? ; ;????????????????????? | | ?????????? ??? ??#?????????????????? | | ?????????? ? ; ;????????????????????? | | ???????????# ? ;???#????????????????? | | ????????????# ? ; ##???????????????????? | | ?????????????; ? ; #??#?#??#???????????? | | ???????????#;;; #; ##??????????????????? | | ???????????# #??????????????????? | | ?????????#?# s #???????????????????? | | ???????????; s ;????????????????????? | | ???????????; t t ##???????????????????? | | ???????????? * ####???????#????????? | | ?????????????? " ;; "= #????????????????? | | ????????????????>?#??# ;;@ " #????????????????? | | ?????????????????????#### ##???????????????? | | ????????????????#??#????# #???????????????? | | ????????????????#????#### " #?????#?????????? | | ?????????#?????????### "" #??#????????????? | | ??????####?????????# " [""##???????????????? | | ??????# ???????## """ ####??#?????????????? | | ?????## #??????# ## " ##????#??????????????? | | ????## #?##### ##### #????????????????????? | | ????# ## #??# #???????#???????????? | | ????# #??# #???????????#??????? | | ????# ####### #??????????????????? | | ? ##### #### "## ##??????????????????? | | ?? ????#???# ##[ #?# ##??????????????????? | | ??????????#??## "" #?# ###?????????????????? | | ?????????????## "" "#?# #?###?????????????? | | ????????????##"## """#### ### ####??????????? | | ??????????###""" """#### #??????????? | | ??? ?????##"" "" #### #???????????? | | ??#??????# ""# #?# #???????????? | | ?????????#"""" "####?# # ##??????????#? | | ??#??????#####" #???# ## #???????????? | | ?? ??????????## "#???## ### ##???????????? | | ?????????"????# "#?#??## ###?# #??????##???? | | ?#???????????# "##????# ##??# ####??? ???? | +----------------------------------------------------+ Best States ------------- Heat Dissipation 25 Energy Generation 10 Energy Capacity 250 Matter Stores 300 Matter Capacity 300 Sight Range 16 Terrain Scan Range 16 Terrain Scan Density 10 Armor Coverage 800 Propulsion Shielding 33 Evasion (%) 55 Recoil Reduction 2 Item Schematics ----------------- None Robot Schematics ------------------ None Fabricated ------------ Nothing Alien Tech Used ----------------- None Achievements -------------- None Challenges ------------ None Game ------ Seed HeatDimensionalDrive Manual? 0 Play Time 00:19:40 Cumulative 323.0 hours Start 2024.10.06 @ 18:47:48 End 2024.10.06 @ 19:05:03 Sessions 1 Manual Loads 0 Difficulty Rogue Special Mode None Game No. 156 Rogue 156 Adventurer 0 Explorer 0 Win Type - Total 9 Types 5/1/3/0/0/0/0/0/0 Lore% 81 Gallery% 87 Achievement% 73 Wizard Run 0 Options --------- Layout 0 ASCII 0 Keyboard 0 Movement Mouse Keybinds 0 Fullscreen 2 Font 12/Smallcaps Map View 83x54 Zoom Use 0% Tactical HUD 1 Map Filters NONE Filters NONE Steam 1 RUN: 9f5c3179-e02e-4767-bdd1-3072701f954f